 Dungeon Crawl Stone Soup version 0.30-a0-586-g23e55c9e0a (webtiles) character file.

Game seed: 5425517582201689370

193 wormed the Changer (level 5, -6/34 HPs)
             Began as an Octopode Transmuter on Jan 4, 2023.
             Mangled by a water moccasin (9 damage)
             ... on level 6 of the Dungeon.
             The game lasted 00:04:42 (3310 turns).

wormed the Changer (Octopode Transmuter)            Turns: 3310, Time: 00:04:43

Health: -6/34      AC:  1    Str:  9    XL:     5   Next: 72%
Magic:  9/9        EV: 13    Int: 18    God:
Gold:   204        SH:  0    Dex: 12    Spells: 6/9 levels left

rFire   . . .      SeeInvis .      - Unarmed
rCold   . . .      Faith    .    (no shield)
rNeg    . . .      Spirit   .    (helmet restricted)
rPois   .          Reflect  .    (no amulet)
rElec   .          Harm     .    (no ring)
rCorr   .          Rampage  .    (no ring)
Will    .....                    (no ring)
Stlth   ++                       (no ring)
HPRegen 0.25/turn                (no ring)
MPRegen 0.11/turn                (no ring)
                                 (no ring)
                                 (no ring)

@: lethally poisoned (-6 -> -8)
A: almost no armour, amphibious, 8 rings, camouflage 1, gelatinous body 1,
(nimble swimmer 1), tentacles
a: no special abilities


You were on level 6 of the Dungeon.
You visited 1 branch of the dungeon, and saw 4 of its levels.

You collected 204 gold pieces.

Inventory:

Scrolls
 c - a scroll of immolation
Potions
 b - a potion of ambrosia
 f - 2 potions of invisibility {unknown}
 g - 2 potions of curing {unknown}
 j - a potion of resistance {unknown}


   Skills:
 + Level 2.2 Fighting
 + Level 2.9 Dodging
 - Level 3.0 Unarmed Combat
 + Level 2.7 Spellcasting
 * Level 3.7 Transmutations
 + Level 1.8 Ice Magic


You had 6 spell levels left.
You knew the following spells:

 Your Spells              Type           Power      Damage    Failure   Level
a - Beastly Appendage     Tmut           30%        N/A       3%          1
b - Wereblood             Tmut           15%        N/A       5%          2

Your spell library contained the following spells:

 Spells                   Type           Power      Damage    Failure   Level
 Spider Form              Tmut/Pois      9%         N/A       24%         3
 Sublimation of Blood     Necr           2%         N/A       26%         2
 Ice Form                 Ice/Tmut       12%        N/A       47%         4
 Anguish                  Hex/Necr       1%         N/A       86%         4
 Enfeeble                 Hex            1%         N/A       100%        7
 Summon Hydra             Summ           1%         N/A       100%        7


Dungeon Overview and Level Annotations

Branches:
Dungeon (6/15)
 Temple: D:4-7

Altars:
Fedhas
Okawaru


Innate Abilities, Weirdness & Mutations

You cannot wear most types of armour.
You are amphibious.
You can wear up to eight rings at the same time.
Your skin changes colour to match your surroundings (Stealth+).
Your rubbery body absorbs attacks. (AC +1, EV +1)
((You are camouflaged when in or above water. (Stealth+)))
You have tentacles for arms and can constrict up to eight enemies at once.


Message History

There is a stone staircase leading down here.
There is a stone staircase leading down here.
Found a scale mail and a scroll of enchant weapon.
A black bear comes into view.
The black bear growls angrily.
A water moccasin comes into view.
Found a robe.
The water moccasin completely misses you.
The water moccasin bites you!
The water moccasin attacks as you move away!
The water moccasin closely misses you. The water moccasin barely misses you.
The water moccasin bites you.
You are poisoned.
The water moccasin poisons you!
You feel very sick.
An ice beast, a hound, a shadow imp and a white imp come into view.
You feel sick.
The white imp grinds its teeth.
An adder and a shadow imp come into view.
You feel sick.
The shadow imp shouts, "Remove thy stench, thou obnoxious tickle-brained dingleberry!"
The shadow imp shouts!
You hear an angry hiss.
The water moccasin closely misses you.
You hear a shout!
You hear an angry hiss.
You feel sick.
You hear a shout!
The white imp gestures at you. The puff of frost hits you.
You hear a shout! x2
Found four items.
You feel sick. The water moccasin closely misses you.
The water moccasin attacks as you move away!
The water moccasin closely misses you.
Found a scroll labelled LOET BABRA.
You feel sick. The white imp gestures at you. The puff of frost hits you!
* * * LOW HITPOINT WARNING * * *
The water moccasin attacks as you move away!
The water moccasin bites you!
You die...

## .. !# .. ?? .#
....# .# ? .##
[...# .. )#..#
....# .# #...#
≈...##.#Y #...#
8..?#..#.h## ##@.#
≈...[..##S..###.S.#
.....#..####.55h#.#
......#.......5##.#
.####.########....#
## #.........#.###
# #########...#
#####


You could see a water moccasin, a black bear, a white imp and 2 shadow imps.

Vanquished Creatures
  An orc priest (D:2)
  2 orc wizards (D:3)
  2 adders (D:2)
  A dart slug (D:1)
  A worm (D:3)
  11 orcs
  4 endoplasms
  4 giant cockroaches
  5 goblins
  7 hobgoblins
  8 jackals
  4 quokkas
  5 ball pythons
  6 bats
  3 frilled lizards
  6 kobolds
  7 rats
77 creatures vanquished.

Notes
Turn   | Place    | Note
-------+----------+-------------------------------------------
     0 | D:1      | wormed the Octopode Transmuter began the quest for the Orb.
     0 | D:1      | Reached XP level 1. HP: 13/13 MP: 3/3
   202 | D:1      | Reached XP level 2. HP: 18/18 MP: 3/5
   551 | D:1      | Learned a level 2 spell: Wereblood
   593 | D:1      | Reached XP level 3. HP: 21/23 MP: 3/6
  1093 | D:2      | Reached skill level 1 in Ice Magic
  1428 | D:2      | Found a faded altar of an unknown god.
  1600 | D:2      | Reached XP level 4. HP: 23/29 MP: 3/7
  2567 | D:3      | Found an iron altar of Okawaru.
  2598 | D:3      | Found a blossoming altar of Fedhas.
  3087 | D:2      | Reached XP level 5. HP: 33/34 MP: 4/8
  3229 | D:3      | You fall into a shaft and drop 3 floors!
  3290 | D:6      | Noticed a black bear
  3290 | D:6      | Noticed a water moccasin
  3305 | D:6      | Noticed an ice beast
  3310 | D:6      | Mangled by a water moccasin

Illustrated notes

Levels and vault maps discovered:
D:1:      ncdulo_halloftheorcs, layout_basic
D:2:      layout_loops_ring, chequers_ecumenical_altar_simple,
          minmay_misc_feat_doors, chequers_garden,
          nicolae_concentric_dashed_squares_mild, minmay_pentomino_w2
D:3:      layout_rooms, okawaru_trees_2, fedhas_ov_isle_minmay
D:6:      layout_rooms, grunt_qazlal_sundering, bloody_trog,
          minmay_temple_entry_statues, kennysheep_decorative_pillar,
          minmay_misc_feat_square, minmay_alternating_orb

Skill      XL: |  1  2  3  4 |
---------------+-------------+-----
Ice Magic      | 1 |  1.8
Transmutations | 3 |  3.7
Fighting       | 2 |  2.2
Dodging        | |  2.9
Unarmed Combat | |  3.0
Spellcasting   | |  2.7

Action                   |  1- 3 |  4- 6 || total
-------------------------+-------+-------++-------
Melee: Unarmed           |    78 |    83 ||   161
       Constrict         |    26 |    17 ||    43
       Kick              |    21 |    20 ||    41
       Tentacles         |    11 |     8 ||    19
       Punch             |     2 |     1 ||     3
 Cast: Beastly Appendage |    25 |    13 ||    38
       Wereblood         |    14 |    13 ||    27
  Use: Scroll            |       |     6 ||     6
       Potion            |       |     2 ||     2
 Stab: Sleeping          |     4 |     1 ||     5
Armor: Skin              |     5 |    13 ||    18
Dodge: Dodged            |    50 |    48 ||    98

Table legend: (Time is in decaauts)
 A = Elapsed time spent in this place.
 B = Non-inter-level travel time spent in this place.
 C = Inter-level travel time spent in this place.
 D = Time resting spent in this place.
 E = Time spent auto-exploring this place.
 F = Levels seen in this place.
 G = Mean time per level.
                   A        B        C        D        E       F      G
               +--------+--------+--------+--------+--------+-----+--------+
         Total |   3303 |   3152 |    151 |    311 |   2203 |   4 |  825.8 |
       Dungeon |   3303 |   3152 |    151 |    311 |   2203 |   4 |  825.8 |
               +--------+--------+--------+--------+--------+-----+--------+

Top non-repeatable levels by time:
     D:2: 1453 daAuts
     D:1: 1064 daAuts
     D:3: 705 daAuts
     D:6: 80 daAuts
